AoeStats
← Barón de la Cerveza

Golden Pit

508320012Analyzed
1v1 RM · 11d ago on Sep 21, 2026· 35m 26s· 2 players
Game mode
Random Map
Map size
Tiny (2 player)
Population
200
Speed
Normal
Resources
Standard
Victory
Conquest
Starting age
Dark Age
Ending age
Imperial Age
RankedLock teamsTeams togetherTeam positionsShared explorationLock speedFull tech treeHidden civsTurbo modeCheats
Victory
Defeat
🇲🇽 Teutons · Mexico
2251
+4
🇲🇽 Wei · Mexico
1904
-4
hK | Puerco_Negro
6:42 Loom
8:52 Feudal Age
9:26 Double-Bit Axe
9:54 Horse Collar
18:06 Castle Age
16:33 Gold Mining
18:13 Forging
19:44 Bow Saw
23:58 Wheelbarrow
30:57 Imperial Age
28:52 Scale Mail Armor
28:41 Pikeman
30:09 Chain Mail Armor
31:06 Iron Casting
31:03 Capped Ram
31:26 Halberdier
32:33 Squires
33:26 Plate Mail Armor
Barón de la Cerveza
6:39 Loom
9:09 Feudal Age
9:47 Double-Bit Axe
9:43 Horse Collar
20:03 Castle Age
18:11 Gold Mining
19:15 Bloodlines
19:48 Fletching
20:44 Bodkin Arrow
21:03 Bow Saw
22:12 Wheelbarrow
25:35 Stone Mining
30:21 Imperial Age
28:56 Town Watch
31:29 Bracer
32:08 Conscription
33:03 Scale Mail Armor
33:09 Scale Barding Armor
35:18 Hoardings
35:43 Ballistics
36:24 Chemistry
Connection lost

Rejoining the realm…

Still unreachable

The connection could not be restored.

Session expired

The server has moved on; the page needs a fresh start.